AoeStats
← Kraltar

Arabia

510541092Analyzed
1v1 RM · 18h ago on Oct 1, 2026· 55m 8s· 2 players
Game mode
Random Map
Map size
Tiny (2 player)
Population
200
Speed
Normal
Resources
Standard
Victory
Conquest
Starting age
Dark Age
Ending age
Imperial Age
RankedLock teamsTeams togetherTeam positionsShared explorationLock speedFull tech treeHidden civsTurbo modeCheats
Victory
Defeat
🇦🇷 Khmer · Argentina
1194
+15
🇧🇷 Persians · Brazil
1181
-15
Zana Hitech
7:10 Loom
10:23 Feudal Age
11:53 Double-Bit Axe
19:09 Fletching
26:46 Castle Age
24:48 Horse Collar
25:00 Gold Mining
25:30 Scale Barding Armor
25:35 Forging
26:25 Bloodlines
27:10 Pikeman
29:45 Wheelbarrow
30:24 Chain Barding Armor
32:40 Iron Casting
39:52 Imperial Age
41:13 Plate Barding Armor
50:05 Husbandry
50:54 Halberdier
Kraltar
6:36 Loom
8:57 Feudal Age
12:58 Bloodlines
18:48 Padded Archer Armor
18:38 Double-Bit Axe
20:54 Fletching
21:15 Forging
22:17 Wheelbarrow
21:54 Scale Barding Armor
26:10 Castle Age
24:45 Horse Collar
24:58 Stone Mining
24:59 Gold Mining
26:54 Husbandry
26:24 Elite Skirmisher
30:31 Chain Barding Armor
30:47 Iron Casting
33:05 Light Cavalry
36:36 Hand Cart
38:23 Bodkin Arrow
42:11 Town Watch
46:12 Imperial Age
46:24 Hussar
49:12 Blast Furnace
49:07 Plate Barding Armor
48:27 Pikeman
49:48 Scale Mail Armor
50:58 Town Patrol
51:17 Elite Battle Elephant
55:04 Capped Ram
Connection lost

Rejoining the realm…

Still unreachable

The connection could not be restored.

Session expired

The server has moved on; the page needs a fresh start.